Map: Central Protocol

Players

Tkopokerqc

  • Race: Protoss Protoss
  • League: Gold

Grumm - Winner!

  • Race: Protoss Protoss
  • League: Gold

VOD

Have the link to the VOD?

Description

Time

  • Played on: Jan. 26, 2016, 6:12 p.m.
  • Length: 11:02
Show
View Real Time Build Order
Export as new Build Order

Tkopokerqc Protoss 

Build Orders: Oracle Opening 

Get SALT Encoding   

  12  0:02  Probe (Chrono Boost)  
  13  0:13  Probe (Chrono Boost)  
  14  0:22  Pylon  
  14  0:23  Probe (Chrono Boost)  
  15  0:34  Assimilator  
  15  0:40  Probe (Chrono Boost)  
  16  0:45  Gateway  
  16  0:51  Probe (Chrono Boost)  
  17  1:02  Probe (Chrono Boost)  
  18  1:12  Pylon, Probe (Chrono Boost)  
  19  1:23  Probe (Chrono Boost)  
  20  1:28  Assimilator  
  20  1:33  Cybernetics Core, Probe (Chrono Boost)  
  21  1:44  Probe (Chrono Boost)  
  22  1:54  Probe (Chrono Boost)  
  23  2:05  Probe (Chrono Boost)  
  24  2:14  Warp Gate (Chrono Boost)  
  24  2:15  Probe  
  24  2:19  Stargate  
  24  2:21  Gateway  
  26  2:41  Mothership Core  
  26  2:42  Gateway  
  27  2:51  Pylon  
  27  2:59  Pylon  
  27  3:02  Probe  
  27  3:04  Pylon  
  28  3:11  Oracle (Chrono Boost)  
  31  3:28  Nexus  
  31  3:40  Pylon  
  31  3:43  Pylon  
  31  3:58  Probe  
  31  3:59  Gateway  
  32  4:10  Probe  
  32  4:22  Probe  
  32  4:23  Stalker x3  
  39  4:34  Probe  
  39  4:35  Pylon  
  40  4:42  Probe  
  41  4:46  Probe  
  42  4:55  Adept x3  
  42  4:58  Probe  
  49  5:03  Probe  
  49  5:05  Assimilator  
  50  5:13  Pylon  
  50  5:18  Sentry  
  50  5:20  Zealot x3  
  58  5:28  Probe (Chrono Boost)  
  59  5:40  Sentry  
  59  5:41  Zealot x3  
  67  5:50  Pylon  
  67  5:53  Probe (Chrono Boost)  
  68  6:13  Stalker x3  
  74  6:26  Stalker  
  68  6:41  Zealot x3  
  53  7:27  Stalker x2  
  53  7:28  Stalker x2  
  53  7:29  Probe (Chrono Boost)  
  60  7:31  Assimilator  
  55  7:51  Nexus  
  55  7:52  Stalker x2  
  55  7:53  Stalker  
  61  8:05  Twilight Council  
  61  8:07  Pylon  
  61  8:12  Pylon, Probe (Chrono Boost)  
  62  8:24  Gateway  
  62  8:28  Gateway  
  62  8:44  Blink (Chrono Boost)  
  62  8:50  Pylon, Probe  
  62  8:52  Probe  
  62  8:54  Pylon  
  62  9:04  Probe  
  53  9:14  Zealot x4  
  59  9:22  Probe x2  
  59  9:24  Probe  
  60  9:33  Probe x2  
  62  9:40  Probe  
  63  9:49  Forge  
  63  9:52  Pylon  
  63  9:53  Stalker  
  63  9:55  Forge  
  58  10:13  Zealot  
  58  10:14  Zealot x4  
  46  10:24  Sentry  
  29  10:44  Sentry  
  29  10:46  Stalker x2  
Show
View Real Time Build Order
Export as new Build Order

Grumm Protoss - Winner!

Build Orders: 1 Gate Expand 

Get SALT Encoding   

  12  0:01  Probe (Chrono Boost)  
  13  0:11  Probe (Chrono Boost)  
  14  0:23  Pylon  
  14  0:25  Probe (Chrono Boost)  
  15  0:42  Probe (Chrono Boost)  
  16  0:52  Gateway  
  16  0:56  Probe (Chrono Boost)  
  17  1:14  Nexus  
  17  1:21  Assimilator  
  17  1:22  Probe (Chrono Boost)  
  18  1:41  Cybernetics Core  
  18  1:44  Forge  
  18  1:52  Pylon  
  18  1:55  Probe (Chrono Boost)  
  19  2:05  Probe (Chrono Boost)  
  20  2:10  Assimilator  
  20  2:16  Pylon, Probe (Chrono Boost)  
  21  2:26  Probe (Chrono Boost)  
  21  2:28  Probe (Chrono Boost)  
  23  2:35  Probe (Chrono Boost)  
  24  2:37  Warp Gate (Chrono Boost)  
  24  2:38  Probe  
  25  2:46  Probe  
  25  2:48  Adept  
  25  2:50  Probe  
  28  3:14  Photon Cannon  
  28  3:16  Probe, Photon Cannon  
  28  3:18  Probe  
  30  3:24  Stalker  
  32  3:27  Probe  
  32  3:28  Pylon  
  32  3:31  Mothership Core  
  35  3:38  Probe  
  36  3:48  Probe  
  36  3:49  Pylon  
  36  3:52  Probe  
  36  3:54  Robotics Facility  
  38  3:57  Gateway  
  38  3:59  Probe  
  39  4:04  Probe  
  39  4:07  Assimilator  
  40  4:10  Adept  
  42  4:23  Probe  
  42  4:25  Probe  
  44  4:33  Probe  
  44  4:34  Assimilator  
  44  4:37  Probe  
  46  4:41  Warp Prism  
  46  4:44  Probe  
  48  4:52  Stargate, Probe  
  50  4:53  Pylon  
  50  4:54  Probe  
  51  5:00  Pylon  
  51  5:02  Twilight Council  
  51  5:04  Probe  
  51  5:05  Probe  
  51  5:06  Gateway  
  53  5:15  Probe  
  53  5:16  Probe, Protoss Ground Weapons Level 1  
  55  5:24  Adept x2  
  59  5:37  Probe  
  59  5:38  Observer, Probe  
  59  5:42  Void Ray  
  66  5:48  Charge  
  66  5:51  Gateway  
  66  5:54  Gateway  
  66  5:57  Pylon  
  66  6:10  Stalker  
  66  6:11  Stalker x2  
  56  6:43  Stalker  
  56  6:44  Stalker x2  
  56  6:55  Nexus  
  54  7:14  Probe  
  51  7:16  Stalker x4  
  59  7:23  Pylon  
  59  7:26  Probe  
  60  7:39  Photon Cannon  
  60  7:42  Photon Cannon  
  60  8:15  Immortal  
  60  8:19  Zealot x3  
  70  8:20  Zealot x2  
  70  8:22  Probe  
  70  8:23  Probe  
  76  8:39  Stalker  
  76  8:40  Stalker x3  
  76  9:14  Void Ray  
  76  9:15  Probe  
  81  9:18  Immortal (Chrono Boost)  
  85  9:28  Probe  
  86  9:35  Pylon x2  
  86  9:55  Nexus  
  79  10:21  Stalker x3  
  75  10:44  Zealot x2  
  75  10:45  Zealot x3  
Tags
 
Add a new tag
Caveats
  • Supply blocks, unpowered buildings, or Contaminate may cause inaccurate times.
  • Supply counts are checked every 10 seconds.